 Dungeon Crawl Stone Soup version 0.29-a0-961-gfab03dca74 (webtiles) character file.

Game seed: 3780697652609218115

4 CannotBeFrozen the Insei (level 1, 0/15 HPs)
             Began as a Demigod Transmuter on July 30, 2022.
             Constricted to death by a ball python (1 damage)
             ... on level 1 of the Dungeon.
             The game lasted 00:00:38 (237 turns).

CannotBeFrozen the Insei (Demigod Transmuter)        Turns: 237, Time: 00:00:39

Health: 0/15       AC:  2    Str: 11    XL:     1   Next: 46%
Magic:  4/5        EV:  9    Int: 15    God:
Gold:   11         SH:  0    Dex: 14    Spells: 2/3 levels left

rFire   . . .      SeeInvis .     - Unarmed
rCold   . . .      Faith    .   (no shield)
rNeg    . . .      Spirit   .   a - +0 robe
rPois   .          Reflect  .   (helmet currently unavailable)
rElec   .          Harm     .   (no cloak)
rCorr   .          Rampage  .   (no gloves)
Will    .....                   (boots currently unavailable)
Stlth   +.........              (no amulet)
HPRegen 0.05/turn               (no ring)
MPRegen 0.09/turn               (no ring)

@: appendages (expiring), constricted
A: horns 2, talons 2, high MP 1, forlorn, divine attributes
a: End Transformation


You were on level 1 of the Dungeon.
You had temporarily grown beastly horns and talons.
You visited 1 branch of the dungeon, and saw 1 of its levels.

You collected 11 gold pieces.

Inventory:

Missiles
 c - 9 stones (quivered)
Armour
 a - a +0 robe (worn)
Potions
 b - a potion of lignification


   Skills:
 - Level 0.8 Fighting
 - Level 1.7 Dodging
 + Level 3.0 Unarmed Combat
 - Level 1.7 Spellcasting
 - Level 1.7 Transmutations


You had 2 spell levels left.
You knew the following spells:

 Your Spells              Type           Power      Damage    Failure   Level
a - Beastly Appendage     Tmut           12%        N/A       11%         1

Your spell library contained the following spells:

 Spells                   Type           Power      Damage    Failure   Level
 Wereblood                Tmut           6%         N/A       17%         2
 Spider Form              Tmut/Pois      3%         N/A       43%         3
 Ice Form                 Ice/Tmut       3%         N/A       85%         4


Dungeon Overview and Level Annotations

Branches:
Dungeon (1/15)


Innate Abilities, Weirdness & Mutations

You have temporarily grown beastly horns and talons.
You have an increased reservoir of magic. (+10% MP)
You shall have no god before yourself.
Your divine heritage dramatically boosts your attributes as you level up.


Message History

The quokka is almost dead.
The quokka closely misses you.
You hit the quokka.
You kill the quokka!
The kobold shouts!
Your Unarmed Combat skill increases to level 3!
A ball python comes into view.
You see here a quokka corpse.
The ball python hisses angrily.
The kobold hits you with a +0 whip.
HP: 10/15 (-5) ========---- !!!
You closely miss the kobold. Your kick misses the kobold.
You punch the kobold, but do no damage. The kobold closely misses you.
Your magical contamination has completely faded away.
You closely miss the kobold. You claw the kobold, but do no damage.
The kobold hits you with a +0 whip.
HP: 8/15 (-2) ======------ !
You closely miss the kobold. Your kick misses the kobold.
Your transformation is almost over.
The ball python completely misses you. x2; The kobold hits you with a +0 whip.
* * * LOW HITPOINT WARNING * * *
HP: 4/15 (-4) ===--------- !!
The ball python bites you but does no damage.
The ball python grabs you. The ball python constricts you.
* * * LOW HITPOINT WARNING * * *
The kobold throws a stone.
The stone hits you.
* * * LOW HITPOINT WARNING * * *
You see here a quokka corpse.
HP: 2/15 (-2) =----------- !
You escape the ball python's grasp.
The ball python attacks as you move away!
The ball python bites you but does no damage.
The ball python misses you. The ball python bites you.
* * * LOW HITPOINT WARNING * * *
The ball python barely misses you.
HP: 1/15 (-1) ------------ You closely miss the ball python.
The ball python misses you. The ball python grabs you.
The ball python constricts you.
You die...

#...# ###.#
#.# #.# #.#
#.# #.### #.#
#.#.. # #.#
#.#.# .. #.#
#.#.# .#
#.####.#.##.#
#...@S.K...#
#.#####..##.#
#.# #†.###.#.
#.# #........
#.# #.#......
#.# #.#.####.
#.. ....# ###
#.. . #####


You could see a ball python and a kobold.

Vanquished Creatures
  A giant cockroach (D:1)
  A hobgoblin (D:1)
  A quokka (D:1)
  A frilled lizard (D:1)
4 creatures vanquished.

Notes
Turn   | Place    | Note
-------+----------+-------------------------------------------
     0 | D:1      | CannotBeFrozen the Demigod Transmuter began the quest for
                  | the Orb.
     0 | D:1      | Reached XP level 1. HP: 15/15 MP: 5/5
   227 | D:1      | Reached skill level 3 in Unarmed Combat
   237 | D:1      | Constricted to death by a ball python

Illustrated notes

Levels and vault maps discovered:
D:1:      psy_arrival_terrarium, layout_loops_ring,
          shapermc_ecumenical_altar_flowoftime, minmay_crystal_room,
          chequers_serial_rivers_micro_a, minmay_worlds_worst_comb

Skill      XL: |  1 |
---------------+----+-----
Unarmed Combat | 3 |  3.0
Fighting       | |  0.8
Dodging        | |  1.7
Spellcasting   | |  1.7
Transmutations | |  1.7

Action                   || total
-------------------------++-------
Melee: Unarmed           ||    12
       Kick              ||     2
       Punch             ||     1
 Cast: Beastly Appendage ||     3
Armor: Robe              ||     3
Dodge: Dodged            ||    13

Table legend: (Time is in decaauts)
 A = Elapsed time spent in this place.
 B = Non-inter-level travel time spent in this place.
 C = Inter-level travel time spent in this place.
 D = Time resting spent in this place.
 E = Time spent auto-exploring this place.
 F = Levels seen in this place.
 G = Mean time per level.
                   A        B        C        D        E       F      G
               +--------+--------+--------+--------+--------+-----+--------+
         Total |    236 |    236 |      0 |     12 |    173 |   1 |  236.0 |
       Dungeon |    236 |    236 |      0 |     12 |    173 |   1 |  236.0 |
               +--------+--------+--------+--------+--------+-----+--------+

Top non-repeatable levels by time:
     D:1: 236 daAuts
